 Dungeon Crawl Stone Soup version 0.31-a0-175-g9f7f995f2b (webtiles) character file.

Game seed: 11639049558073407192

42 BrainTurd the Magician (level 4, 0/33 HPs)
             Began as a Meteoran Hedge Wizard on June 17, 2023.
             Slain by Terence
             ... wielding a +1 flail of protection
              (4 damage)
             ... on level 2 of the Dungeon.
             The game lasted 00:10:21 (1196 turns).

BrainTurd the Magician (Meteoran Hedge Wizard)      Turns: 1196, Time: 00:10:21

Health: 0/33       AC:  2    Str: 12    XL:     4   Next: 5%
Magic:  7/11       EV: 12    Int: 17    God:
Gold:   53         SH:  0    Dex: 13    Spells: 5/11 levels left

rFire   . . .        a - +0 dagger
rCold   . . .        (no shield)
rNeg    . . .        b - +0 robe
rPois   .            c - +0 hat
rElec   .            (no cloak)
rCorr   .            (no gloves)
SInv    .            (no boots)
Will    .....        (no amulet)
Stlth   +            (no ring)
HPRegen 0.25/turn    (no ring)
MPRegen 0.12/turn

%: no passive effects
@: glowing
A: sense surroundings 1, otherworldly, glowing, explore regen
a: no special abilities


You were on level 2 of the Dungeon.
You visited 1 branch of the dungeon, and saw 2 of its levels.

You collected 53 gold pieces.

Inventory:

Hand Weapons
 a - a +0 dagger (weapon)
Missiles
 e - 2 javelins
Armour
 b - a +0 robe (worn)
 c - a +0 hat (worn)
Scrolls
 f - 3 scrolls of teleportation {unknown}
Potions
 d - a potion of magic
 g - a potion of resistance {unknown}
 h - a potion of curing {unknown}
 i - a potion of mutation {unknown}


   Skills:
 - Level 2.4 Dodging
 - Level 1.4 Stealth
 - Level 4.0 Spellcasting
 + Level 2.3 Conjurations
 * Level 2.9 Summonings
 + Level 2.2 Translocations


You had 5 spell levels left.
You knew the following spells:

 Your Spells              Type           Power      Damage    Failure   Level
a - Magic Dart            Conj           44%        1d5       6%          1
b - Call Imp              Summ           26%        N/A       7%          2
c - Blink                 Tloc           22%        N/A       10%         2
d - Summon Small Mammal   Summ           52%        N/A       4%          1

Your spell library contained the following spells:

 Spells                   Type           Power      Damage    Failure   Level
 Foxfire                  Conj/Fire      28%        2x1d5     10%         1
 Call Canine Familiar     Summ           13%        N/A       14%         3
 Slow                     Hex            12%        N/A       16%         1
 Cigotuvi's Dreadful Rot  Necr/Pois/Air  6%         N/A       24%         2
 Summon Guardian Golem    Hex/Summ       8%         N/A       26%         3
 Mephitic Cloud           Conj/Pois/Air  6%         N/A       34%         3
 Fireball                 Conj/Fire      3%         3d4       95%         5
 Plasma Beam              Fire/Air       1%         2x1d11    100%        6
 Starburst                Conj/Fire      3%         6d3       100%        6


Dungeon Overview and Level Annotations

Branches:
Dungeon (2/15) Zot: 300

Altars:

Annotations:
D:2 Terence


Innate Abilities, Weirdness & Mutations

You passively map a small area around you.
You are easily found by Zot.
You glow in the dark.
You regain HP and MP as you explore.


Message History

Terence hits you with a +1 flail of protection.
Your rat closely misses Terence.
Your rat bites Terence but does no damage.
You hit Terence.
Terence is heavily wounded.
Your cerulean imp hits Terence but does no damage.
Terence barely misses you.
Your rat bites Terence but does no damage.
Your rat closely misses Terence.
You hit Terence but do no damage. Your punch misses Terence.
Terence is heavily wounded.
Your cerulean imp hits Terence but does no damage.
Terence hits you with a +1 flail of protection.
Your rat barely misses Terence. x2
You hit Terence. Your punch misses Terence.
Terence is heavily wounded.
Your cerulean imp hits Terence but does no damage.
Terence hits your cerulean imp with a +1 flail of protection.
Your rat closely misses Terence.
Your rat bites Terence but does no damage.
You hit Terence but do no damage.
Terence is heavily wounded.
Your cerulean imp barely misses Terence.
Terence closely misses you.
Your rat bites Terence but does no damage.
Your rat barely misses Terence.
You hit Terence but do no damage.
Terence is heavily wounded.
Your cerulean imp closely misses Terence.
Terence hits you with a +1 flail of protection.
* * * LOW HITPOINT WARNING * * *
Your rat bites Terence but does no damage.
Your rat bites Terence.
Terence attacks as you move away!
Terence hits you with a +1 flail of protection.
* * * LOW HITPOINT WARNING * * *
Your cerulean imp hits Terence but does no damage.
Terence attacks as you move away!
Terence hits you with a +1 flail of protection.
You die...

## #.,, ##.* ## , ,
##.#####.# # , #........
.# #########..##... .. ,
, #...........#.###.# *
##.##........rr@@..# ,,
..............5#.#.#,
........####†...##.#, ,
.......## #.####..#.####
)#####l# #.# #.#.#.#..,
.# #.# #.##.##.....# *
.# #g#####.#.#*#.....#
.# #@#......## #.....#
.#####.......#.###.....#


You could see Terence (ally target), a friendly cerulean imp (summoned) and 2
friendly rats.

Vanquished Creatures
  A worm (D:2)
  A dart slug (D:1)
  A ball python (D:2)
  A bat (D:1)
  A giant cockroach (D:1)
  A hobgoblin (D:2)
  3 kobolds
  A frilled lizard (D:2)
  A rat (D:1)
11 creatures vanquished.

Vanquished Creatures (collateral kills)
  Jessica (D:2)
1 creature vanquished.

Grand Total: 12 creatures vanquished

Notes
Turn   | Place    | Note
-------+----------+-------------------------------------------
     0 | D:1      | BrainTurd the Meteoran Hedge Wizard began the quest for the
                  | Orb.
     0 | D:1      | Reached XP level 1. HP: 14/14 MP: 6/6
   243 | D:1      | Reached XP level 2. HP: 14/20 MP: 1/8
   625 | D:1      | Glimpsed the power of Zot.
   825 | D:1      | Learned a level 2 spell: Call Imp
   828 | D:1      | Learned a level 2 spell: Blink
   830 | D:1      | Learned a level 1 spell: Summon Small Mammal
   986 | D:2      | Noticed Jessica
  1012 | D:2      | Killed Jessica
  1013 | D:2      | Reached XP level 3. HP: 8/26 MP: 1/9
  1013 | D:2      | Reached XP level 4. HP: 10/33 MP: 1/11
  1026 | D:2      | Noticed Terence
  1196 | D:2      | Slain by Terence

Illustrated notes

Levels and vault maps discovered:
D:1:      dpeg_arrival_stonehenge_12_columns, layout_basic
D:2:      layout_loops_ring, basic_altar, uniq_terence, uniq_crazy_yiuf_cottage,
          uniq_jessica

Skill      XL: |  1  2 |
---------------+-------+-----
Summonings     | 2 |  2.9
Conjurations   | 2 |  2.3
Translocations | 2 |  2.2
Dodging        | |  2.4
Stealth        | |  1.4
Spellcasting   | |  4.0

Action                     |  1- 3 |  4- 6 || total
---------------------------+-------+-------++-------
  Melee: Dagger            |     9 |    17 ||    26
         Punch             |       |     1 ||     1
   Cast: Magic Dart        |    29 |     2 ||    31
         Call Imp          |     6 |     3 ||     9
         Summon Small Mamm |     5 |     2 ||     7
   Stab: Distracted        |     1 |     1 ||     2
 Armour: Robe              |     2 |     2 ||     4
  Dodge: Dodged            |       |     8 ||     8

Table legend: (Time is in decaauts)
 A = Elapsed time spent in this place.
 B = Non-inter-level travel time spent in this place.
 C = Inter-level travel time spent in this place.
 D = Time resting spent in this place.
 E = Time spent auto-exploring this place.
 F = Levels seen in this place.
 G = Mean time per level.
                   A        B        C        D        E       F      G
               +--------+--------+--------+--------+--------+-----+--------+
         Total |   1199 |   1075 |    124 |    145 |    702 |   2 |  599.5 |
       Dungeon |   1199 |   1075 |    124 |    145 |    702 |   2 |  599.5 |
               +--------+--------+--------+--------+--------+-----+--------+

Top non-repeatable levels by time:
     D:1: 913 daAuts
     D:2: 285 daAuts
